 Dungeon Crawl Stone Soup version 0.27.1-35-g4d5d836560 (webtiles) character file.

Game seed: 5420678055861338414

56 Delamore the Sneak (level 3, 0/24 HPs)
             Began as an Octopode Brigand on Apr 8, 2022.
             Shot with a stone by a goblin (4 damage)
             ... led by Robin
             ... on level 2 of the Dungeon.
             The game lasted 00:01:13 (1696 turns).

Delamore the Sneak (Octopode Brigand)               Turns: 1696, Time: 00:01:13

Health: 0/24       AC:  1    Str: 10    XL:     3   Next: 97%
Magic:  3/3        EV: 12    Int: 13    God:
Gold:   52         SH:  0    Dex: 14    Spells: 2/2 levels left

rFire    . . .     SeeInvis .   a - +2 dagger
rCold    . . .     Faith    .   (no shield)
rNeg     . . .     Spirit   .   (helmet restricted)
rPois    .         Reflect  .   (no amulet)
rElec    .         Harm     .   f - ring of resist corrosion
rCorr    +         Rampage  .   (no ring)
Will     .....                  (no ring)
Stlth    ++++......             (no ring)
HPRegen  0.08/turn              (no ring)
MPRegen  0.08/turn              (no ring)
                                (no ring)
                                (no ring)

@: no status effects
A: almost no armour, amphibious, 8 rings, camouflage 1, gelatinous body 1,
(nimble swimmer 1), tentacles
a: no special abilities


You were on level 2 of the Dungeon.
You visited 1 branch of the dungeon, and saw 2 of its levels.

You collected 52 gold pieces.

Inventory:

Hand Weapons
 a - a +2 dagger (weapon)
Missiles
 b - 8 poisoned darts (quivered)
 d - 6 javelins
Jewellery
 f - a ring of resist corrosion (left tentacle)
Scrolls
 g - a scroll of fog
Potions
 h - a potion of curing


   Skills:
 - Level 2.0 Fighting
 + Level 2.8 Short Blades
 - Level 2.0 Throwing
 - Level 1.0 Dodging
 * Level 6.9 Stealth


You had 2 spell levels left.
You didn't know any spells.
Your spell library was empty.

Dungeon Overview and Level Annotations

Branches:
Dungeon (2/15)

Altars:


Innate Abilities, Weirdness & Mutations

You cannot wear most types of armour.
You are amphibious.
You can wear up to eight rings at the same time.
Your skin changes colour to match your surroundings (Stealth+).
Your rubbery body absorbs attacks. (AC +1, EV +1)
((You are camouflaged near water. (Stealth+)))
You have tentacles for arms and can constrict up to eight enemies at once.


Message History

The hobgoblin is severely wounded.
You constrict the hobgoblin, but do no damage.
The hobgoblin hits you.
You hit the hobgoblin.
You kill the hobgoblin!
You barely miss the hobgoblin. You grab the hobgoblin.
You constrict the hobgoblin.
The hobgoblin hits you but does no damage.
You hit the hobgoblin.
You kill the hobgoblin!
Robin barely misses you.
Robin zaps a wand.
The puff of flame hits you!
* * * LOW HITPOINT WARNING * * *
A goblin comes into view. It is wielding a +0 club.
Robin says, "Feeling lonely?"
Press: ? - help, v - describe, . - travel
Here: Robin, wielding a +1 antimagic spear, wearing a +0 animal skin, wearing a +0 helmet and carrying a wand of flame (15)
The floor.
You aren't carrying any items that you can evoke.
Unknown command.
Throw: 2 darts (curare)
Press: ? - help, Q - select action, (/) - cycle Shift-Dir - straight line, f - Robin
Aim: Robin, wielding a +1 antimagic spear, wearing a +0 animal skin, wearing a +0 helmet and carrying a wand of flame (15) (68% to hit)
You throw a curare-tipped dart. The curare-tipped dart hits Robin.
Robin is poisoned.
Robin convulses.
Robin seems to slow down.
Robin is moderately wounded.
Throw: dart (curare)
Press: ? - help, Q - select action, (/) - cycle Shift-Dir - straight line, f/p - Robin
Aim: Robin, wielding a +1 antimagic spear, wearing a +0 animal skin, wearing a +0 helmet and carrying a wand of flame (15) (moderately wounded, very poisoned, slow, 68% to hit)
You throw a curare-tipped dart. The curare-tipped dart hits Robin.
Robin looks as sick as possible!
Robin convulses.
Robin seems to be slow for longer.
Robin is severely wounded.
You feel a bit more experienced.
The goblin unwields a +0 club.
The goblin wields a +0 hunting sling.
The goblin shoots a stone.
The stone hits you.
* * * LOW HITPOINT WARNING * * *
The goblin shoots a stone.
The stone hits you.
You die... #.###.######..# ############ #.............# #.†.).†..))# #####.#######.# #.########)# #.# #.# #.# #.# #.# #.# #.# #.# #.# #.# #(# gg.

#.# #.# #g# #J#
#.#######.#####.#####.##.#
#...........@......g.....#
#############.###.#.......
#.# #.#.#.# ##.###.#.#.#
##.[.##.#.#.#
#...†...#.#.#
#....####.#.#####.#
#.#...............#
#.#######....######


You could see a goblin.

Vanquished Creatures
  Robin (D:2)
  An adder (D:2)
  4 endoplasms
  A giant cockroach (D:1)
  11 goblins
  5 hobgoblins
  A quokka (D:1)
  3 ball pythons
  A bat (D:2)
  2 kobolds (D:1)
  4 rats (D:1)
34 creatures vanquished.

Notes
Turn   | Place    | Note
-------+----------+-------------------------------------------
     0 | D:1      | Delamore the Octopode Brigand began the quest for the Orb.
     0 | D:1      | Reached XP level 1. HP: 14/14 MP: 1/1
   282 | D:1      | Reached XP level 2. HP: 19/19 MP: 2/2
   553 | D:1      | Found a faded altar of an unknown god.
   580 | D:1      | Reached skill level 6 in Stealth
  1544 | D:2      | Reached XP level 3. HP: 21/24 MP: 3/3
  1659 | D:2      | Noticed Robin
  1695 | D:2      | Killed Robin
  1696 | D:2      | Shot with a stone by a goblin

Illustrated notes

Levels and vault maps discovered:
D:1:      dpeg_arrival_oval, layout_loops_corners,
          dreamdust_ecumenical_altar_statues
D:2:      layout_loops_ring, uniq_robin

Skill      XL: |  1  2 |
---------------+-------+-----
Stealth        | 6 |  6.9
Fighting       | |  2.0
Short Blades   | |  2.8
Throwing       | |  2.0
Dodging        | |  1.0

Action                   || total
-------------------------++-------
Melee: Dagger            ||    68
       Constrict         ||    10
       Tentacles         ||     3
Throw: Dart              ||     2
  Use: Scroll            ||     2
       Potion            ||     1
 Stab: Sleeping          ||    12
Armor: Skin              ||    12
Dodge: Dodged            ||    27
